 Dungeon Crawl Stone Soup version 0.19-a0-1905-ge8b2aad (webtiles) character file.

3264 GordonOverkill the Carver (level 9, -3/70 HPs)
             Began as a High Elf Berserker on Oct 21, 2016.
             Was an Elder of Trog.
             Slain by Gastronok (17 damage)
             ... on level 8 of the Dungeon.
             The game lasted 00:19:28 (9648 turns).

GordonOverkill the Carver (High Elf Berserker)      Turns: 9648, Time: 00:19:29

Health: -3/70      AC: 10    Str: 19    XL:     9   Next: 68%
Magic:  10/10      EV:  8    Int: 12    God:    Trog [****..]
Gold:   409        SH:  0    Dex: 15    Spells: 0 memorised, 8 levels left

rFire  + . .     SeeInvis .     b - +0 long sword
rCold  . . .     Gourm    .     h - +0 chain mail
rNeg   . . .     Faith    .     (no shield)
rPois  .         Spirit   .     (no helmet)
rElec  .         Reflect  .     o - +0 cloak
rCorr  .         Harm     .     q - +0 pair of gloves
MR     .....                    (no boots)
Stlth  ..........               (no amulet)
                                (no ring)
                                m - ring of protection from fire

@: exhausted, slowed, very slow
A: no striking features
a: Berserk, Trog's Hand, Brothers in Arms, Burn Spellbooks, Renounce Religion


You were on level 8 of the Dungeon.
You worshipped Trog.
Trog was greatly pleased with you.
You were hungry.

You visited 2 branches of the dungeon, and saw 9 of its levels.

You collected 409 gold pieces.

Inventory:

Hand Weapons
 b - a +0 long sword (weapon)
 y - a +0 giant club
Armour
 h - a +0 chain mail (worn)
 o - a +0 cloak (worn)
 q - a +0 pair of gloves (worn)
Jewellery
 m - a ring of protection from fire (left hand)
Wands
 p - a wand of enslavement (14/24)
 t - a wand of acid (5/15)
 w - a wand of digging (21/24)
Scrolls
 d - a scroll of fog
 f - 4 scrolls of remove curse
 k - a scroll of blinking
 n - 2 scrolls of identify
 r - a scroll of recharging
 A - a scroll of amnesia
Potions
 c - a potion of brilliance
 e - 3 potions of cure mutation
 g - 2 potions of berserk rage
 i - 3 potions of curing
 j - 4 potions of degeneration
 u - a potion of agility
 v - a potion of cancellation {unknown}
 z - a potion of lignification {unknown}
 B - a potion of flight {unknown}
Books
 l - a book of Conjurations

   Spells                             Type                      Level
   a - Magic Dart                     Conjuration                  1
   b - Searing Ray                    Conjuration                  2
   c - Dazzling Spray                 Conjuration/Hexes            3
   d - Fulminant Prism                Conjuration/Hexes            4
   e - Iskenderun's Mystic Blast      Conjuration                  4
   f - Iskenderun's Battlesphere      Conjuration/Charms           5
   Trog disapproves of the use of such an item.
Comestibles
 a - 8 chunks of flesh
 s - 2 bread rations
 x - a meat ration
 C - 2 fruits


   Skills:
 - Level 10.0 Fighting
 + Level 11.8 Long Blades
 - Level 1.7 Armour
 + Level 3.0 Dodging


You had 8 spell levels left.
You didn't know any spells.

Dungeon Overview and Level Annotations

Branches:
Dungeon (8/15)             Temple (1/1) D:7
   Lair: D:8-11

Altars:
Ashenzari
Cheibriados
Dithmenos
Elyvilon
Fedhas
Gozag
Hepliaklqana
Kikubaaqudgha
Makhleb
Nemelex Xobeh
Okawaru
Qazlal
Ru
Sif Muna
Trog
Uskayaw
Vehumet
Xom
Yredelemnul
Zin
The Shining One

Annotations:
D:8 Gastronok; GordonOverkill's ghost, novice HEBe


Message History

Gastronok bites you!!
* * * LOW HITPOINT WARNING * * *
Some of the chunks of flesh in your inventory have rotted away.
You are too injured to fight recklessly!
You slash Gastronok!
Gastronok is severely wounded.
The jackal skeleton bites you but does no damage.
You slash Gastronok!
Gastronok is severely wounded.
You are no longer berserk.
You are exhausted.
You feel yourself slow down.
You slash Gastronok!
Gastronok is almost dead.
The jackal skeleton barely misses you.
You riposte.
You slash the jackal skeleton!
You destroy the jackal skeleton!
Trog accepts your kill. Gastronok bites you!
You die...

..#. ###....
....W..
##....... ###
#........
#...##........
#.....w.......
#@.# #..# #?.#
# #..# ##.
#..######
#...##........
#.............
#...##.#######
######...####


You could see Gastronok and GordonOverkill's ghost.

Vanquished Creatures
  Pikel (D:5)
  Menkaure (D:6)
  An ice beast (D:7)
  2 orc warriors
  2 sky beasts (D:6)
  A phantom (D:7)
  2 centaurs
  2 ogres
  Blork the orc (D:5)
  2 bullfrogs
  3 scorpions
  3 killer bees (D:7)
  3 howler monkeys
  5 crimson imps
  A centaur skeleton (D:7)
  A bullfrog skeleton (D:4)
  A bullfrog zombie (D:5)
  5 hounds
  3 orc priests
  5 orc wizards
  Crazy Yiuf (D:5)
  A gnoll shaman (D:7)
  2 iguanas (D:5)
  4 worker ants
  A killer bee zombie (D:6)
  A hound zombie (D:5)
  4 hound skeletons
  13 adders
  9 gnolls
  An ooze (D:4)
  A worm (D:3)
  4 dart slugs
  2 leopard geckos
  9 orcs
  4 bats
  6 giant cockroaches
  9 goblins
  7 hobgoblins
  9 jackals
  4 quokkas
  5 frilled lizards
  2 jackal skeletons
  6 kobolds
  A quokka skeleton (D:7)
  2 rats (D:2)
153 creatures vanquished.

Vanquished Creatures (others)
  2 slaves (D:5)
  An adder (D:5)
  A giant cockroach (D:5)
  A jackal (D:5)
5 creatures vanquished.

Grand Total: 158 creatures vanquished

Notes
Turn   | Place    | Note
-------+----------+-------------------------------------------
     0 | D:1      | GordonOverkill the High Elf Berserker began the quest for the Orb.
     0 | D:1      | Reached XP level 1. HP: 16/16 MP: 2/2
   260 | D:1      | Reached XP level 2. HP: 21/21 MP: 3/3
   435 | D:1      | Reached skill level 4 in Long Blades
  1081 | D:1      | Reached XP level 3. HP: 15/27 MP: 4/4
  1830 | D:2      | Reached skill level 5 in Long Blades
  1830 | D:2      | Reached XP level 4. HP: 33/33 MP: 5/5
  2875 | D:3      | Reached XP level 5. HP: 33/38 MP: 6/6
  2921 | D:3      | Reached ** piety under Trog
  3119 | D:3      | Found a stormy altar of Qazlal.
  3232 | D:3      | Reached skill level 6 in Long Blades
  3517 | D:4      | Reached skill level 5 in Fighting
  3529 | D:4      | Reached XP level 6. HP: 43/45 MP: 7/7
  4146 | D:5      | Entered Level 5 of the Dungeon
  4156 | D:5      | Reached skill level 7 in Long Blades
  4266 | D:5      | Reached XP level 7. HP: 23/52 MP: 8/8
  4522 | D:5      | Found a hazy altar of Hepliaklqana.
  4690 | D:5      | Found a runed door.
  4857 | D:5      | Reached skill level 8 in Long Blades
  4863 | D:5      | Reached *** piety under Trog
  5129 | D:5      | Noticed Pikel
  5162 | D:5      | Killed Pikel
  5162 | D:5      | Reached skill level 9 in Long Blades
  5162 | D:5      | Reached XP level 8. HP: 48/61 MP: 9/9
  5330 | D:5      | Noticed Blork the orc
  5338 | D:5      | Killed Blork the orc
  5817 | D:5      | Noticed Crazy Yiuf
  5827 | D:5      | Killed Crazy Yiuf
  6082 | D:6      | Reached skill level 10 in Long Blades
  6903 | D:6      | Reached XP level 9. HP: 64/67 MP: 10/10
  6926 | D:6      | Found an ancient bone altar of Kikubaaqudgha.
  6958 | D:6      | Found a blossoming altar of Fedhas.
  6964 | D:6      | Found a white marble altar of Elyvilon.
  6967 | D:6      | Found a sacrificial altar of Ru.
  7335 | D:6      | Noticed Menkaure
  7347 | D:6      | Killed Menkaure
  7622 | D:7      | Reached skill level 11 in Long Blades
  7915 | D:7      | Reached **** piety under Trog
  8762 | D:7      | Found a staircase to the Ecumenical Temple.
  8950 | D:7      | Reached skill level 10 in Fighting
  9091 | Temple   | Entered the Ecumenical Temple
  9629 | D:8      | Noticed Gastronok
  9645 | D:8      | Noticed GordonOverkill's ghost (novice HEBe)
  9648 | D:8      | Slain by Gastronok

Vault maps used:
D:1:      dpeg_arrival_boxes_within_box
D:3:      marbit_many_paths, kennysheep_decorative_pillar
D:5:      minmay_opposing_rooms, lemuel_round_altar, first_bread,
          hangedman_decor_points, uniq_blork_the_orc, uniq_crazy_yiuf_cottage,
          uniq_pikel
D:6:      grunt_temple_overflow_diamond, basic_altar, hex_tiny,
          hangedman_decor_peaks_small, minmay_checkerbox, uniq_menkaure
D:8:      uniq_gastronok, uniq_grum, uniq_psyche
Temple:   eino_temple_scatter_basement

Skill      XL: |  1  2  3  4  5  6  7  8  9 |
---------------+----------------------------+-----
Long Blades    | 4 5 6 7 9 10 11 | 11.8
Fighting       | 4 5 6 7 8 10 | 10.0
Dodging        | 3 |  3.0
Armour         | |  1.7

Action                   |  1- 3 |  4- 6 |  7- 9 || total
-------------------------+-------+-------+-------++-------
Melee: Falchion          |   102 |   204 |   428 ||   734
       Long sword        |       |       |    75 ||    75
Invok: Berserk           |     3 |     6 |    16 ||    25
       Burn Spellbooks   |       |       |     1 ||     1
       Trog's Hand       |       |       |     1 ||     1
Evoke: Wand              |       |       |     2 ||     2
  Use: Scroll            |       |       |    15 ||    15
       Potion            |       |       |     1 ||     1
 Stab: Sleeping          |     1 |       |       ||     1
       Invisible         |       |       |     4 ||     4
  Eat: Chunk             |     5 |     9 |    17 ||    31
       Bread ration      |       |     1 |       ||     1
       Beef jerky        |       |     1 |       ||     1
       Meat ration       |       |       |     3 ||     3
Armor: Animal skin       |     1 |       |       ||     1
       Chain mail        |    63 |   122 |   234 ||   419
Dodge: Dodged            |    47 |    87 |   180 ||   314
       Rpst.: Falchion   |    12 |    25 |    45 ||    82
       Long sword        |       |       |     8 ||     8
